 Dungeon Crawl Stone Soup version 0.18.1-48-g4cf74bf (webtiles) character file.

119 Heedrag the Magician (level 4, 0/36 HPs)
             Began as a Deep Elf Conjurer on July 26, 2016.
             Slain by a kobold
             ... wielding a +0 whip
              (6 damage)
             ... on level 2 of the Dungeon.
             The game lasted 00:03:53 (1577 turns).

Heedrag the Magician (Deep Elf Conjurer)            Turns: 1577, Time: 00:03:54

Health: 0/36       AC:  2    Str: 11    XL:     4   Next: 74%
Magic:  2/14       EV: 13    Int: 20    God:
Gold:   127        SH:  0    Dex: 15    Spells: 2 memorised, 12 levels left

rFire  . . .     SeeInvis .     f - +0 dagger
rCold  . . .     Gourm    .     a - +0 robe
rNeg   . . .     Faith    .     (no shield)
rPois  .         Spirit   .     (no helmet)
rElec  .         Dismiss  .     (no cloak)
rCorr  .         Reflect  .     (no gloves)
SustAt .         Harm     .     (no boots)
MR     +....                    q - amulet of rage
Stlth  ..........               o - ring of protection from magic
                                e - ring of stealth (curse)

@: berserking, very slightly contaminated, very quick, somewhat resistant to
hostile enchantments, extremely unstealthy
A: no striking features
a: Evoke Berserk Rage


You were on level 2 of the Dungeon.
You were not hungry.

You visited 1 branch of the dungeon, and saw 2 of its levels.

You collected 127 gold pieces.

Inventory:

Hand Weapons
 f - a +0 dagger (weapon)
Armour
 a - a +0 robe (worn)
Jewellery
 e - a cursed ring of stealth (left hand)
 o - a ring of protection from magic (right hand)
 q - an amulet of rage (around neck)
Scrolls
 g - a scroll of enchant armour {unknown}
 k - 2 scrolls of identify {unknown}
 m - a scroll of noise {unknown}
 p - a scroll of magic mapping {unknown}
Potions
 d - 2 potions of curing {unknown}
 j - a potion of haste
 l - a potion of berserk rage {unknown}
 n - a potion of agility {unknown}
Books
 b - a book of Conjurations

   Spells                             Type                      Level
   a - Magic Dart                     Conjuration                  1
   b - Searing Ray                    Conjuration                  2
   c - Dazzling Spray                 Conjuration/Hexes            3
   d - Fulminant Prism                Conjuration/Hexes            4
   e - Iskenderun's Mystic Blast      Conjuration                  4
   f - Iskenderun's Battlesphere      Conjuration/Charms           5
Comestibles
 c - a bread ration
 h - a royal jelly
 i - a meat ration


   Skills:
 - Level 2.4 Dodging
 - Level 2.4 Stealth
 * Level 6.8 Spellcasting
 - Level 4.3 Conjurations


You had 12 spell levels left.
You knew the following spells:

 Your Spells              Type           Power        Failure   Level  Hunger
a - Magic Dart            Conj           ###.         1%          1    None
b - Dazzling Spray        Conj/Hex       ###...       14%         3    #......


Dungeon Overview and Level Annotations

Branches:
Dungeon (2/15)

Altars:


Message History

Ye miscast Magic Dart.
Nuthin' appears ta happ'n.
Tha goblin barely misses ye.
Castin': Magic Dart Confirm wit' . or Enter, or press ? or * ta list all spells.
Ye dinnae haf enough magic ta cast tha spell.
Unknown command.
Tha kobold hits ye wit' a whip.
Tha goblin hits ye.
* * * LOW HITPOINT WARNIN'
* * * Tha kobold hits ye but does nay damage.
Tha goblin nay longer looks unusu'lly strong.
Ye fail ta use yer ability.
Tha kobold completely misses ye.
Tha goblin misses ye.
A red film seems ta co'er yer vision as ye go berserk!
Ye feel yerself movin' faster!
Ye feel mighty!
Tha kobold hits ye wit' a whip.
* * * LOW HITPOINT WARNIN'
* * * Tha goblin closely misses ye.
Unknown command.
Ye hit tha kobold.
Tha kobold be severely wounded.
Tha kobold hits ye wit' a whip.
Ye die...

#....# #....# #######
###....#
.##.....#####..)...#
.........##)..#....#
.......)))..###....#
.........[###......#
..........##..#....#
..........##..@.####
......>...##.gK..##
........[.#.......#####..
................(.........
.........#.#......<####.(
#..##.##..##...........#
#..##....##.......######
#.).###.....)....#
##...............##


You could see a goblin and a kobold.

Vanquished Creatures
  Robin (D:2)
  4 gnolls (D:2)
  An adder (D:2)
  An ooze (D:1)
  A worm (D:2)
  A dart slug (D:1)
  A giant gecko (D:2)
  6 bats (D:1)
  3 giant cockroaches
  14 goblins
  5 hobgoblins
  2 jackals (D:1)
  A ball python (D:1)
  3 kobolds (D:1)
  6 rats
50 creatures vanquished.

Notes
Turn   | Place    | Note
--------------------------------------------------------------
     0 | D:1      | Heedrag the Deep Elf Conjurer began the quest for the Orb.
     0 | D:1      | Reached XP level 1. HP: 10/10 MP: 6/6
   177 | D:1      | Reached XP level 2. HP: 15/15 MP: 5/8
   187 | D:1      | Reached skill level 4 in Spellcasting
   751 | D:1      | Reached XP level 3. HP: 12/19 MP: 2/11
   756 | D:1      | Learned a level 3 spell: Dazzling Spray
  1009 | D:2      | Reached skill level 5 in Spellcasting
  1166 | D:2      | Reached skill level 6 in Spellcasting
  1166 | D:2      | Reached XP level 4. HP: 21/24 MP: 3/14
  1327 | D:2      | Noticed Robin
  1565 | D:2      | Killed Robin
  1577 | D:2      | Slain by a kobold

Skill      XL: |  1  2  3 |
---------------+----------+-----
Spellcasting   | 4 6 |  6.8
Dodging        | |  2.4
Stealth        | |  2.4
Conjurations   | |  4.3

Action                   |  1- 3 |  4- 6 || total
-------------------------+-------+-------++-------
Melee: Dagger            |     4 |     1 ||     5
 Cast: Magic Dart        |    73 |    45 ||   118
 Abil: Evoke Berserk Rag |       |     1 ||     1
  Eat: Chunk             |     1 |     1 ||     2
Armor: Robe              |     7 |     2 ||     9
Dodge: Dodged            |    10 |    15 ||    25
